 Dungeon Crawl Stone Soup version 0.31-a0-640-g39d97e502b (webtiles) character file.

Game seed: 6870082275454354750

31 qw the Shooter (level 3, -3/21 HPs)
             Began as a Gargoyle Hunter on Aug 27, 2023.
             Slain by a goblin
             ... wielding a +0 club
             ... led by Robin
              (6 damage)
             ... on level 2 of the Dungeon.
             The game lasted 00:00:21 (843 turns).

qw the Shooter (Gargoyle Hunter)                     Turns: 843, Time: 00:00:22

Health: -3/21      AC:  9    Str: 14    XL:     3   Next: 22%
Magic:  3/3        EV: 10    Int:  9    God:
Gold:   50         SH:  0    Dex: 15    Spells: 2/2 levels left

rFire   . . .        Y - +0 shortbow
rCold   . . .        (shield currently unavailable)
rNeg    + . .        h - +0 ring mail
rPois   inf          (no helmet)
rElec   +            (no cloak)
rCorr   .            f - +0 pair of gloves
SInv    .            (no boots)
Will    .....        (no amulet)
Stlth   +            (no ring)
HPRegen 0.23/turn    (no ring)
MPRegen 0.08/turn

%: no passive effects
@: no status effects
A: sickness immunity, AC +3, negative energy resistance 1, electricity
resistance, torment resistance 1, petrification resistance
a: no special abilities


You were on level 2 of the Dungeon.
You visited 1 branch of the dungeon, and saw 2 of its levels.

You collected 50 gold pieces.


Innate Abilities, Weirdness & Mutations

You are immune to sickness and miasma.
Your stone body is resilient. (AC +3)
You are immune to poison.
You resist negative energy. (rN+)
You are resistant to electric shocks. (rElec)
You are resistant to unholy torment.
You are immune to petrification.


   Skills:
 - Level 2.1 Fighting
 - Level 4.9 Ranged Weapons
 + Level 0.7 Armour
 - Level 1.5 Dodging
 - Level 1.1 Stealth


You had 2 spell levels left.
You didn't know any spells.
Your spell library was empty.

Inventory:

Hand Weapons
 Y - a +0 shortbow (weapon)
Armour
 f - a +0 pair of gloves (worn)
 h - a +0 ring mail (worn)
Potions
 d - a potion of brilliance {unknown}
 i - a potion of degeneration {unknown}
 j - a potion of cancellation {unknown}

Dungeon Overview and Level Annotations

Branches:
Dungeon (2/15)

Altars:

Annotations:
D:2 Robin


Message History

You hear a shout!
Robin of the Strong Arm comes into view.
They are wielding a +0 club.
You shoot an arrow.
The arrow barely misses the hobgoblin. x2
The arrow barely misses Robin.
You shoot an arrow.
The arrow hits the hobgoblin but does no damage.
A hobgoblin comes into view.
You shoot an arrow. The arrow closely misses the hobgoblin.
Robin roars a battlecry!
The goblins go into a battle-frenzy!
The hobgoblin completely misses you.
You hear a shout!
You shoot an arrow. The arrow closely misses the hobgoblin.
The hobgoblin hits you but does no damage.
The goblin hits you with a +0 club.
The hobgoblin hits you but does no damage.
You shoot an arrow. The arrow closely misses the hobgoblin.
The hobgoblin hits you. The goblin hits you with a +0 club.
The hobgoblin hits you but does no damage.
You shoot an arrow. The arrow barely misses the hobgoblin.
The hobgoblin hits you. The goblin hits you but does no damage.
A goblin comes into view. It is wielding a +0 club.
The hobgoblin misses you.
A goblin comes into view. It is wielding a +0 dagger.
The hobgoblin closely misses you. The goblin hits you with a +0 club.
A goblin comes into view. It is wielding a +0 club.
The hobgoblin barely misses you.
You shoot an arrow. The arrow barely misses the hobgoblin.
The goblin shouts!
The hobgoblin misses you. The goblin hits you but does no damage.
The hobgoblin barely misses you.
You shoot an arrow. The arrow hits the hobgoblin.
The hobgoblin is moderately wounded.
The hobgoblin hits you but does no damage.
The goblin hits you with a +0 club.
The hobgoblin hits you but does no damage.
You shoot an arrow.
The arrow completely misses the hobgoblin.
The hobgoblin closely misses you. The goblin hits you with a +0 club.
You die... .... #g.# #..# ###gg# ..).# ### gg.

#.. ##g#####.#
#g@g...#.#
##.###.#.#
##.).#.#.#
#......#<#######.
.......%............
#.....#.............
#.###...###########.
... ...... ###
#######


You could see Robin, 3 hobgoblins and 4 goblins.

Vanquished Creatures
  5 endoplasms (D:1)
  A giant cockroach (D:1)
  5 goblins
  4 hobgoblins
  A quokka (D:1)
  3 ball pythons (D:1)
  2 bats (D:1)
  A frilled lizard (D:1)
  2 kobolds (D:1)
  3 rats (D:1)
27 creatures vanquished.

Notes
Turn   | Place    | Note
-------+----------+-------------------------------------------
     0 | D:1      | qw the Gargoyle Hunter began the quest for the Orb.
     0 | D:1      | Reached XP level 1. HP: 12/12 MP: 1/1
     0 | D:1      | 0 ||| qw: Version: 0.3-a-74-g0d5e918
     0 | D:1      | 0 ||| qw: Game counter: 167
     0 | D:1      | 0 ||| qw: Melee chars always use a shield: true
     0 | D:1      | 0 ||| qw: God list: Okawaru
     0 | D:1      | 0 ||| qw: Allow faded altars: false
     0 | D:1      | 0 ||| qw: Do Orc after clearing Dungeon:15 true
     0 | D:1      | 0 ||| qw: Do second Lair branch before Depths: true
     0 | D:1      | 0 ||| qw: Lair rune preference: random
     0 | D:1      | 0 ||| qw: Goals: Normal
     0 | D:1      | 0 ||| PLANNING D:1-11
   227 | D:1      | Reached XP level 2. HP: 17/17 MP: 2/2
   576 | D:1      | Reached XP level 3. HP: 21/21 MP: 3/3
   771 | D:1      | 771 ||| UPGRADING to +0 pair of gloves.
   776 | D:1      | 776 ||| UPGRADING to +0 ring mail.
   786 | D:1      | 786 ||| DROPPING +0 leather armour.
   787 | D:1      | 787 ||| READING scroll labelled WODACINOSM.
   788 | D:1      | 788 ||| READING scroll labelled GAIBIDD SAECITZ.
   789 | D:1      | 789 ||| DROPPING scroll of butterflies.
   815 | D:2      | 815 ||| FLEEEEING.
   816 | D:2      | 816 ||| FLEEEEING.
   834 | D:2      | Noticed Robin
   842 | D:2      | HP: 3/21 [goblin/+0 club[Robin] (5)]
   843 | D:2      | Slain by a goblin

Levels and vault maps discovered:
D:1:      onia_arrival_mini_maze_b, layout_basic
D:2:      layout_loops_ring, uniq_sigmund, uniq_robin

Action                     || total
---------------------------++-------
   Fire: Shortbow          ||    96
    Use: Scroll            ||     2
 Armour: Leather armour    ||    17
         Ring mail         ||    10
  Dodge: Dodged            ||    28

Table legend:
 A = Non-vault XP
 B = Vault XP
 C = Vault XP percentage of total XP
 D = Non-vault monster count
 E = Vault monster count
 F = Vault count percentage of total count
                 A         B        C        D         E       F
            +---------+---------+-------+---------+---------+-------
      Total |      38 |       7 |  15.6 |      23 |       4 |  14.8
            +---------+---------+-------+---------+---------+-------
        D:1 |      34 |       2 |   5.6 |      21 |       1 |   4.5
        D:2 |       4 |       5 |  55.6 |       2 |       3 |  60.0
            +---------+---------+-------+---------+---------+-------
